 Dungeon Crawl Stone Soup version 0.20.1-1-g8b1a95d (console) character file.

50710 Kloppie the Peltast (level 14, -6/113 HPs)
             Began as a Merfolk Gladiator on Aug 1, 2017.
             Was the Champion of the Shining One.
             Killed by divine providence
             ... invoked by an orc priest
              (11 damage)
             ... on level 12 of the Dungeon.
             The game lasted 00:39:09 (20438 turns).

Kloppie the Peltast (Merfolk Gladiator)            Turns: 20438, Time: 00:39:10

Health: -6/113     AC: 16    Str: 19    XL:     14   Next: 56%
Magic:  18/20      EV: 25    Int:  9    God:    the Shining One [******]
Gold:   1146       SH: 25    Dex: 21    Spells: 13/13 levels left

rFire    . . .     SeeInvis .   a - +1 trident (protect)
rCold    + . .     Gourm    +   P - +2 shield
rNeg     + + +     Faith    .   O - +1 leather armour of Sin {rElec Str+2} (curse)
rPois    +         Spirit   .   q - +0 helmet of Free Expression {Str+3 Dex+2}
rElec    +         Reflect  .   R - scarf {repulsion}
rCorr    .         Harm     .   h - +2 pair of gloves
MR       +....                  A - +0 pair of boots
Stlth    +.........             k - amulet of the gourmand
Regen    0.3/turn               B - ring of poison resistance
MPRegen  0.2/turn               t - ring of protection from cold

@: divine shield, protection aura, glowing, studying Stealth, repel missiles
A: change form in water, swift swim, stealthy swim
a: Divine Shield, Cleansing Flame, Summon Divine Warrior, Brand Weapon With Holy
Wrath, Renounce Religion


You were on level 12 of the Dungeon.
You worshipped the Shining One.
The Shining One was exalted by your worship.
You were very full.

You visited 2 branches of the dungeon, and saw 17 of its levels.
You also visited: Bailey and Ice Cave.

You collected 1412 gold pieces.
You spent 266 gold pieces at shops.

Inventory:

Hand Weapons
 a - a +1 trident of protection (weapon)
Missiles
 d - 2 throwing nets (quivered)
 w - 8 javelins of returning
Armour
 h - a +2 pair of gloves (worn)
 q - the +0 helmet of Free Expression (worn) {Str+3 Dex+2}
   (You took it off Robin on level 2 of the Dungeon)

   It affects your strength (+3).
   It affects your dexterity (+2).
 A - a +0 pair of boots (worn)
 F - the +3 leather armour "Gyntaghe" {MR+}
   (You found it on level 7 of the Dungeon)

   It affects your resistance to hostile enchantments.
 O - the cursed +1 leather armour of Sin (worn) {rElec Str+2}
   (You bought it in a shop on level 10 of the Dungeon)

   It affects your strength (+2).
   It insulates you from electricity.
   It has a curse placed upon it.
 P - a +2 shield (worn)
 R - a scarf of repulsion (worn)
Jewellery
 k - an amulet of the gourmand (around neck)
 o - an uncursed ring of ice
 t - a ring of protection from cold (right hand)
 B - a ring of poison resistance (left hand)
Wands
 D - a wand of digging (19/24)
 L - a wand of digging (5/24)
Scrolls
 e - a scroll of magic mapping
 g - 4 scrolls of recharging
 i - 2 scrolls of fear
 l - 4 scrolls of blinking
 r - 6 scrolls of remove curse
 y - 8 scrolls of teleportation
 K - 2 scrolls of enchant armour
 W - 2 scrolls of enchant weapon
Potions
 b - 4 potions of might
 j - a potion of resistance
 p - 2 potions of haste
 s - 2 potions of ambrosia
 C - a potion of agility
 G - 11 potions of curing
 H - a potion of lignification
 I - a potion of invisibility
 M - a potion of cancellation
 S - 4 potions of heal wounds
 T - 3 potions of magic
 U - a potion of brilliance
 X - a potion of experience {unknown}
 Y - 2 potions of flight {unknown}
Books
 c - a manual of Stealth
 E - a book of the Earth

   Spells                             Type                      Level
   a - Leda's Liquefaction            Hexes/Earth                  4
   b - Bolt of Magma                  Conjuration/Fire/Earth       5
   c - Statue Form                    Transmutation/Earth          6
   d - Iron Shot                      Conjuration/Earth            6
   e - Shatter                        Earth                        9
Comestibles
 f - 15 bread rations
 m - 17 meat rations
 u - 13 royal jellies
 v - 11 fruits


   Skills:
 + Level 11.5 Fighting
 - Level 14.0 Polearms
 - Level 2.0 Throwing
 - Level 14.5 Dodging
 - Level 4.1 Stealth
 - Level 15.0 Shields
 - Level 8.2 Invocations


You had 13 spell levels left.
You didn't know any spells.

Dungeon Overview and Level Annotations

Branches:
Dungeon (12/15)            Temple (0/1) D:6            Lair (5/6) D:11
 Shoals (0/4) Lair:4       Spider (0/4) Lair:4        Slime (0/5) Lair:5
    Orc (0/2) D:11

Altars:
Ashenzari
Fedhas
Gozag
Hepliaklqana
Nemelex Xobeh
Okawaru
Qazlal
Ru
Sif Muna
Trog
Vehumet
Xom
The Shining One
Jiyva

Shops:
D:10 [

Annotations:
D:9 exclusion: orange crystal statue


Message History

You hit the orc but do no damage. You block the orc warrior's attack.
You block the orc's attack.
The orc priest casts a cantrip, but nothing happens.
You completely miss the orc. You block the orc's attack.
You block the ogre's attack.
You puncture the orc!
You kill the orc!
You block the orc's attack.
The orc priest mumbles some strange prayers to Beogh against you.
Beogh smites you!
* * * LOW HITPOINT WARNING * * *
You block the orc warrior's attack.
The orc priest invokes the aid of Beogh against you.
Beogh smites you!
* * * LOW HITPOINT WARNING * * *
Things that are here:
a dagger; a leather armour The orc priest mumbles some strange prayers to Beogh against you.
Beogh smites you!
You die...

#........####............## #...
.........##..<...........# ##..#
.............)...........# #...#
.........###.............####..##
.........# #..............[#...##
.........#*#.....................
........###..##..................
.......#########..#..........###.
.....####.#..oo#@.##........## ##
...### #..#..o.#O...#......##
#### #.##..o.o).........## #
#.##.ooo########..## #.##..oo*
###* # #.##..o.### #
##.#######.## ######## ## ##..#
####...####......## #
.#####..####..#.......#####..####


You could see an orc warrior, an ogre, an orc priest and 3 orcs.

Vanquished Creatures
  A frost giant (IceCv)
  An ice dragon (D:11)
  4 hydras
  4 two-headed ogres
  A death yak (IceCv)
  Sonja (Lair:4)
  An unseen horror (D:11)
  An orc knight (Bailey)
  2 ugly things
  8 elephants
  An ice statue (IceCv)
  3 black mambas (Lair:5)
  A merfolk siren (Lair:4)
  2 gargoyles
  11 spiny frogs
  3 rime drakes
  2 komodo dragons
  2 trolls
  18 polar bears
  3 hornets
  6 dream sheep (Lair:5)
  6 blink frogs
  5 hippogriffs
  A redback (Lair:4)
  51 yaks
  2 wyverns
  4 hogs (D:7)
  A human (D:7)
  A basilisk (Lair:4)
  2 hungry ghosts (D:12)
  7 swamp worms (Lair:5)
  7 water moccasins
  The ghost of Nimbul the Sneak, an amateur VSAs (D:4)
  9 porcupines
  A phantom (D:12)
  A swamp drake (D:11)
  12 orc warriors
  4 sky beasts
  A black bear (Lair:2)
  3 ice beasts
  2 necrophages
  11 ogres
  31 wolves
  2 centaurs
  15 crocodiles
  15 bullfrogs
  A wyvern skeleton (D:10)
  6 scorpions
  5 killer bees (D:9)
  6 howler monkeys
  6 crimson imps
  A quasit (D:7)
  5 centaur zombies
  6 bullfrog zombies
  4 hounds
  4 gnoll shamans
  5 orc priests
  2 bullfrog skeletons (D:6)
  7 jellies
  11 orc wizards
  4 centaur skeletons
  Crazy Yiuf (D:7)
  Jessica (D:3)
  An iguana (D:4)
  Natasha (D:1)
  9 worker ants
  2 killer bee zombies (D:6)
  4 hound skeletons
  Robin (D:2)
  53 gnolls
  14 adders
  2 howler monkey skeletons
  4 shadow imps
  An ooze (D:6)
  5 adder zombies
  11 worms
  A dart slug (D:2)
  7 leopard geckos
  58 orcs
  5 giant cockroaches
  22 hobgoblins
  19 jackals
  17 kobolds
  7 quokkas
  7 bats
  5 frilled lizards
  17 goblins
  2 jackal zombies
  2 leopard gecko zombies (D:6)
  2 quokka zombies (D:6)
  10 rats
  A bush (D:7)
  A fungus (D:7)
  A plant (Lair:5)
638 creatures vanquished.

Vanquished Creatures (others)
  A yak (IceCv)
  A kobold (D:1)
  A rat (D:1)
  55 fungi
  34 plants
92 creatures vanquished.

Grand Total: 730 creatures vanquished

Notes
Turn   | Place    | Note
-------+----------+-------------------------------------------
     0 | D:1      | Kloppie the Merfolk Gladiator began the quest for the Orb.
     0 | D:1      | Reached XP level 1. HP: 16/16 MP: 1/1
   185 | D:1      | Reached skill level 5 in Polearms
   313 | D:1      | Reached XP level 2. HP: 22/22 MP: 2/2
   968 | D:2      | Noticed Natasha
   974 | D:1      | Killed Natasha
   974 | D:1      | Reached XP level 3. HP: 26/27 MP: 3/3
  1092 | D:2      | Noticed Robin
  1101 | D:2      | Reached XP level 4. HP: 33/33 MP: 4/4
  1132 | D:2      | Killed Robin
  1146 | D:2      | Got a smoking helmet
  1157 | D:2      | Identified the +0 helmet of Free Expression {Str+3 Dex+2} (You took it off Robin on level 2 of the Dungeon)
  1549 | D:2      | Found a glowing golden altar of the Shining One.
  1552 | D:2      | Became a worshipper of the Shining One
  1715 | D:3      | Reached XP level 5. HP: 38/38 MP: 5/5
  1878 | D:3      | Noticed Jessica
  1885 | D:3      | Killed Jessica
  2171 | D:3      | Found a sparkling altar of Nemelex Xobeh.
  2289 | D:3      | Reached XP level 6. HP: 44/44 MP: 6/6
  2434 | D:4      | Found a bloodstained altar of Trog.
  2451 | D:4      | Noticed Nimbul's ghost (amateur VSAs)
  2468 | D:4      | Killed Nimbul's ghost
  2468 | D:4      | Reached skill level 10 in Polearms
  2535 | D:4      | Reached XP level 7. HP: 20/50 MP: 7/7
  3180 | D:4      | Found a hazy altar of Hepliaklqana.
  3248 | D:5      | Entered Level 5 of the Dungeon
  3303 | D:5      | Reached * piety under the Shining One
  3539 | D:5      | Reached skill level 5 in Fighting
  3641 | D:5      | Reached XP level 8. HP: 64/64 MP: 8/8
  4197 | D:5      | Reached ** piety under the Shining One
  4406 | D:5      | Reached skill level 5 in Dodging
  4856 | D:6      | Found an opulent altar of Gozag.
  4868 | D:6      | Reached XP level 9. HP: 72/72 MP: 9/9
  5019 | D:6      | Reached *** piety under the Shining One
  5168 | D:6      | Found a staircase to the Ecumenical Temple.
  5390 | D:6      | Found a blossoming altar of Fedhas.
  5449 | D:6      | Reached **** piety under the Shining One
  5766 | D:7      | Got a polished leather armour
  5777 | D:7      | Identified the +3 leather armour "Gyntaghe" {MR+} (You found it on level 7 of the Dungeon)
  5987 | D:7      | Noticed a hornet
  6000 | D:7      | Killed a hornet
  6301 | D:7      | Found a deep blue altar of Sif Muna.
  6350 | D:7      | Reached skill level 10 in Dodging
  6350 | D:7      | Reached XP level 10. HP: 66/79 MP: 10/10
  6684 | D:7      | Found a sacrificial altar of Ru.
  6687 | D:7      | Found a shattered altar of Ashenzari.
  6692 | D:7      | Found an iron altar of Okawaru.
  6888 | D:7      | Found a runed door.
  6892 | D:7      | Noticed Crazy Yiuf
  6899 | D:7      | Killed Crazy Yiuf
  7021 | D:8      | Reached skill level 1 in Shields
  7250 | D:8      | Found a radiant altar of Vehumet.
  7914 | D:9      | Reached skill level 2 in Shields
  7966 | D:9      | Reached skill level 3 in Shields
  8005 | D:9      | Noticed a two-headed ogre
  8009 | D:9      | Reached skill level 4 in Shields
  8030 | D:9      | Killed a two-headed ogre
  8030 | D:9      | Reached skill level 5 in Shields
  8041 | D:9      | Reached ***** piety under the Shining One
  8102 | D:9      | Noticed a two-headed ogre
  8121 | D:9      | Killed a two-headed ogre
  8213 | D:9      | Reached XP level 11. HP: 81/84 MP: 11/11
  8404 | D:9      | Noticed an orange crystal statue
  8431 | D:9      | Found a stormy altar of Qazlal.
  8597 | D:9      | Found a shimmering altar of Xom.
  8701 | D:10     | Entered Level 10 of the Dungeon
  8745 | D:10     | Reached skill level 1 in Invocations
  9000 | D:10     | Found Niuleism's Armour Boutique.
  9009 | D:10     | Bought the cursed +1 leather armour of Sin {rElec Str+2} for 266 gold pieces
  9226 | D:10     | Noticed a two-headed ogre
  9236 | D:10     | Killed a two-headed ogre
  9236 | D:10     | Reached skill level 6 in Shields
  9389 | D:10     | Noticed a two-headed ogre
  9408 | D:10     | Killed a two-headed ogre
  9408 | D:10     | Reached skill level 5 in Invocations
  9598 | D:11     | Found a frozen archway.
  9614 | D:11     | Noticed an ice dragon
  9614 | D:11     | Reached skill level 7 in Shields
  9675 | D:11     | Killed an ice dragon
  9746 | IceCv    | Entered an ice cave
  9781 | IceCv    | Reached skill level 8 in Shields
  9815 | IceCv    | Reached XP level 12. HP: 57/91 MP: 17/17
 10473 | IceCv    | Reached skill level 9 in Shields
 10773 | IceCv    | Noticed a death yak
 10797 | IceCv    | Killed a death yak
 10888 | IceCv    | Noticed a frost giant
 10983 | IceCv    | Killed a frost giant
 10983 | IceCv    | Reached skill level 10 in Shields
 11278 | IceCv    | Reached skill level 10 in Fighting
 11671 | D:11     | Found a staircase to the Orcish Mines.
 11950 | D:11     | Found a staircase to the Lair.
 12116 | D:11     | Reached XP level 13. HP: 104/104 MP: 19/19
 12323 | D:11     | Reached skill level 11 in Shields
 12800 | Lair:1   | Entered Level 1 of the Lair of Beasts
 12862 | Lair:1   | Identified a scroll of acquirement
 13877 | Lair:2   | Reached skill level 12 in Shields
 15285 | Lair:3   | Reached skill level 13 in Shields
 16040 | Lair:4   | Found a staircase to the Shoals.
 16138 | Lair:4   | Reached skill level 14 in Shields
 16507 | Lair:4   | Reached XP level 14. HP: 49/113 MP: 20/20
 16873 | Lair:4   | Found a hole to the Spider Nest.
 17097 | Lair:4   | Noticed Sonja
 17156 | Lair:4   | Killed Sonja
 17731 | Lair:5   | Reached ****** piety under the Shining One
 17788 | Lair:5   | Reached skill level 15 in Shields
 18654 | Lair:5   | Found a viscous altar of Jiyva.
 18655 | Lair:5   | Found a staircase to the Slime Pits.
 19134 | D:12     | Reached skill level 1 in Stealth
 19246 | D:12     | Found a flagged portal.
 19283 | Bailey   | Entered a bailey
 20437 | D:12     | HP: 5/113 [orc priest/divine providence (17)]
 20438 | D:12     | Killed from afar by an orc priest

Skill      XL: |  1  2  3  4  5  6  7  8  9 10 11 12 13 14 |
---------------+-------------------------------------------+-----
Polearms       | 5 6 8 9 11 14 | 14.0
Fighting       | 6 7 10 11 | 11.5
Dodging        | 8 10 12 13 14 | 14.5
Shields        | 5 8 10 14 15 | 15.0
Invocations    | 7 8 |  8.2
Stealth        | 4 |  4.1
Throwing       | |  2.0

Action                   |  1- 3 |  4- 6 |  7- 9 | 10-12 | 13-15 || total
-------------------------+-------+-------+-------+-------+-------++-------
Melee: Trident           |    79 |   228 |   616 |  1313 |  1541 ||  3777
       Tailslap          |       |       |    14 |    31 |    15 ||    60
Throw: Throwing net      |     1 |       |       |     6 |       ||     7
Invok: Divine Shield     |       |       |       |     1 |     2 ||     3
Evoke: Wand              |       |       |       |     5 |       ||     5
  Use: Scroll            |       |    10 |     5 |    10 |    12 ||    37
       Potion            |       |       |       |     7 |     2 ||     9
 Stab: Sleeping          |       |     4 |       |       |       ||     4
  Eat: Chunk             |     1 |    30 |    13 |    19 |    31 ||    94
Armor: Leather armour    |    19 |    41 |   107 |   115 |   135 ||   417
       Skin              |       |       |       |     8 |     4 ||    12
Dodge: Dodged            |    44 |   101 |   263 |   621 |   617 ||  1646
       Deflected         |       |       |       |       |     5 ||     5
Block: Buckler           |       |       |       |   158 |       ||   158
       Shield            |       |       |       |   299 |   919 ||  1218
